 Crawl Stoat Soup version 0.23-s1-138-gb2a949a7a7 (console) character file.

172 hilarita the Insei (level 5, -1/37 HPs)
             Began as a Human Transmuter on Sept 12, 2021.
             Slain by a goblin
             ... wielding a +0 club
              (2 damage)
             ... on level 3 of the Dungeon.
             The game lasted 00:06:47 (3133 turns).

hilarita the Insei (Human Transmuter)               Turns: 3133, Time: 00:06:49

Health: -1/37      AC:  3    Str: 11    XL:     5   Next: 82%
Magic:  7/7 (8)    EV: 12    Int: 14    God:
Gold:   33         SH:  0    Dex: 13    Spells: 4/8 levels left

rFire    . . .     SeeInvis .     - Unarmed
rCold    . . .     Gourm    .   (no shield)
rNeg     . . .     Faith    .   b - +0 robe
rPois    .         Spirit   .   g - +0 helmet
rElec    .         Warding  .   (no cloak)
rCorr    .         Reflect  .   (no gloves)
MR       .....     Harm     .   (boots currently unavailable)
Stlth    +.........             (no amulet)
HPRegen  0.12/turn              (no ring)
MPRegen  0.11/turn              (no ring)

@: beastly appendage, 1 MP reserved for charms, 0.05 MP regen used to sustain
charms
A: talons 3
a: End Transformation, End Permanent Enchantments


You were on level 3 of the Dungeon.
You were very hungry.
You had grown temporary talons.
You visited 1 branch of the dungeon, and saw 3 of its levels.

You collected 33 gold pieces.

Inventory:

Missiles
 a - 29 arrows
Armour
 b - a +0 robe (worn)
 g - a +0 helmet (worn)
 j - a +0 large shield
Scrolls
 c - 2 scrolls of teleportation
Potions
 e - 2 potions of lignification
 f - 4 potions of curing
Comestibles
 d - a bread ration
 i - 3 meat rations


   Skills:
 - Level 1.0 Fighting
 - Level 2.0 Dodging
 + Level 1.4 Shields
 - Level 4.6 Unarmed Combat
 - Level 2.0 Spellcasting
 * Level 3.8 Transmutations


You had 4 spell levels left.
You knew the following spells:

 Your Spells              Type           Power        Failure   Level  Hunger
a - Beastly Appendage     Tmut           12/50        4%          1    ##.....
b - Spider Form           Tmut/Pois      6/200        32%         3    ####...

Your spell library contained the following spells:

 Spells                   Type           Power        Failure   Level  Hunger
 Sticks to Snakes         Tmut           12/100       8%          2    ###....
 Ice Form                 Ice/Tmut       6/100        71%         4    #####..
 Blade Hands              Tmut           12/200       80%         5    ######.


Dungeon Overview and Level Annotations

Branches:
Dungeon (3/15)

Altars:
Altars to gods listed above are guaranteed either in the Temple or between levels 2 and 9 of the Dungeon.


Innate Abilities, Weirdness & Mutations

You have claws for feet.


Message History

The bullfrog hits you. The bullfrog misses you.
You closely miss the bullfrog. You claw the bullfrog.
The bullfrog is severely wounded.
The bullfrog hits you.
* * * LOW HITPOINT WARNING * * *
You hit the bullfrog.
The bullfrog is severely wounded.
The bullfrog hits you.
* * * LOW HITPOINT WARNING * * *
You closely miss the bullfrog. You punch the bullfrog.
The bullfrog is almost dead.
The bullfrog closely misses you. x2
You hit the bullfrog.
You kill the bullfrog!
Your Shields skill increases to level 1!
You barely miss the goblin. You claw the goblin.
The goblin is heavily wounded.
A hobgoblin comes into view. It is wielding a club.
The goblin hits you with a club.
You die...

##################
#................#
#.##############.#####...
.........................
#.##############.#####...
#)# #@#####... #.#
#g#....... #.# #l....l.g.
#.# #............ #.#
#.####.g.)... #.# #
..##### .... ..### ..#
..#


You could see a hobgoblin (wandering), a goblin and a frilled lizard.

Vanquished Creatures
  A bullfrog (D:3)
  3 adders (D:2)
  An ooze (D:1)
  2 worms (D:2)
  A dart slug (D:1)
  2 leopard geckos
  An orc (D:3)
  A ball python (D:2)
  4 giant cockroaches
  4 hobgoblins
  10 jackals
  7 kobolds
  2 weasels (D:2)
  8 bats
  A frilled lizard (D:2)
  8 goblins
  5 rats
61 creatures vanquished.

Notes
Turn   | Place    | Note
-------+----------+-------------------------------------------
     0 | D:1      | hilarita the Human Transmuter began the quest for the Orb.
     0 | D:1      | Reached XP level 1. HP: 15/15 MP: 3/3
    70 | D:1      | Reached XP level 2. HP: 14/21 MP: 4/5
   331 | D:1      | Reached skill level 4 in Unarmed Combat
   331 | D:1      | Reached XP level 3. HP: 26/26 MP: 5/6
  1363 | D:2      | Reached XP level 4. HP: 15/32 MP: 6/7
  1387 | D:2      | Learned a level 3 spell: Spider Form
  1953 | D:2      | Found a faded altar of an unknown god.
  2672 | D:2      | Reached XP level 5. HP: 32/37 MP: 7/8
  3118 | D:3      | Noticed a bullfrog
  3130 | D:3      | HP: 1/37 [bullfrog (5)]
  3132 | D:3      | Killed a bullfrog
  3132 | D:3      | Reached skill level 1 in Shields
  3133 | D:3      | Slain by a goblin

Vault maps used:
D:1:      giann_wishing_wells, minmay_quantized
D:2:      serial_co_window_serial, co_window_paths_b, co_window_corner_a,
          co_window_corner_a, co_window_paths_a, co_window_paths_a,
          co_window_corner_ca, co_window_unsneaky_path_c, co_window_broadway_b,
          co_window_4corner_b, glass_columns_a, glass_columns_a,
          glass_columns_c, chequers_ecumenical_altar_simple
D:3:      first_bread, tgw_kikubaaqudgha

Skill      XL: |  1  2  3  4  5 |
---------------+----------------+-----
Unarmed Combat | 4 |  4.6
Transmutations | 3 |  3.8
Shields        | 1 |  1.4
Fighting       | |  1.0
Dodging        | |  2.0
Spellcasting   | |  2.0

Action                   |  1- 3 |  4- 6 || total
-------------------------+-------+-------++-------
Melee: Unarmed           |    96 |   106 ||   202
       Headbutt          |     8 |       ||     8
       Kick              |     4 |    19 ||    23
       Punch             |       |     3 ||     3
 Cast: * Beastly Appenda |    32 |    26 ||    58
  Use: Scroll            |     6 |     1 ||     7
 Stab: Sleeping          |     1 |     1 ||     2
  Eat: Chunk             |     1 |     5 ||     6
Armor: Robe              |    14 |    31 ||    45
Dodge: Dodged            |    55 |    64 ||   119
* Casting counts for permanent charms are approximate representations of how often the player would have had to cast a non-permanent spell for the same benefits.

Table legend:
 A = Spawn XP
 B = Non-spawn XP
 C = Spawn XP percentage of total XP
 D = Spawn monster count
 E = Non-spawn monster count
 F = Spawn count percentage of total count
 G = Total turns spent on level
                    A         B        C        D         E        F      G
               +---------+---------+-------+---------+---------+-------+---------
         Total |      18 |     228 |   7.3 |       9 |      52 |  14.8 |  3133
               +---------+---------+-------+---------+---------+-------+---------
           D:1 |       9 |      50 |  15.3 |       4 |      25 |  13.8 |  1324
           D:2 |       9 |      85 |   9.6 |       5 |      24 |  17.2 |  1712
           D:3 |       0 |      93 |   0.0 |       0 |       3 |   0.0 |    97
               +---------+---------+-------+---------+---------+-------+---------
